 Dungeon Crawl Stone Soup version 0.32-a0-411-g744942f433 (webtiles) character file.

Game seed: 1325959829884982376

192542 cforsyth the Tortoise (level 18, -9/158 HPs)
             Began as a Coglin Gladiator on Feb 21, 2024.
             Was the Champion of Wu Jian.
             Succumbed to a nagaraja's bolt of poison
             ... on level 4 of the Snake Pit.
             The game lasted 01:17:56 (28414 turns).

cforsyth the Tortoise (Coglin Gladiator)           Turns: 28414, Time: 01:17:57

Health: -9/158     AC: 42    Str: 16    XL:     18   Next: 68%
Magic:  18/18      EV: 10    Int: 10    God:    Wu Jian [******]
Gold:   1055       SH:  0    Dex: 22    Spells: 17/17 levels left

rFire   . . .        P - +4 scimitar (flame) {Qing}
rCold   . . .        C - +7 double sword (protect) {Shatu-murrim}
rNeg    . . .        a - +2 crystal plate armour
rPois   .            L - +1 helmet
rElec   .            d - scarf of Ushu {+Inv, Regen+ Int+2 Slay+3 Stlth+}
rCorr   .            K - +1 pair of gloves
SInv    .            x - +2 pair of slick slippers {slick, slippery, EV+4}
Will    +....        g - amulet of regeneration Stlth
                     Y - +4 ring of slaying
HPRegen 2.06/turn    U - ring "Witijel" {Fly rPois}
MPRegen 0.16/turn

%: no passive effects
@: lethally poisoned (-9 -> -84), poison vulnerable, under a protective aura,
flying, revving
A: off-hand wielding, slow wielding, warmup strikes, legs shutdown
a: Renounce Religion, Evoke Invisibility, Wall Jump, Serpent's Lash, Heavenly
Storm


You were on level 4 of the Snake Pit.
You worshipped Wu Jian.
Wu Jian was exalted by your worship.
You visited 5 branches of the dungeon, and saw 27 of its levels.
You visited 1 bazaar.
You also visited: Bailey and Ice Cave.

You collected 3787 gold pieces.
You spent 2732 gold pieces at shops.


Innate Abilities, Weirdness & Mutations

You can wield a second weapon in your off-hand.
It takes a long time for you to wield or remove held weapons.
Your first few attacks do less damage.
Attacking and casting redirects power from your legs.


   Skills:
 - Level 18.4 Fighting
 - Level 18.4 Long Blades
 - Level 1.7 Throwing
 + Level 18.8 Armour
 - Level 6.0 Dodging


You had 17 spell levels left.
You didn't know any spells.
Your spell library contained the following spells:

 Spells                   Type           Power      Damage    Failure   Level
 Apportation              Tloc           0%         N/A       100%        1
 Freeze                   Ice            0%         1d3       100%        1
 Kiss of Death            Conj/Necr      0%         2d5       100%        1
 Magic Dart               Conj           0%         1d3       100%        1
 Necrotise                Necr           0%         1d4       100%        1
 Slow                     Hex            0%         N/A       100%        1
 Sting                    Conj/Alch      0%         1d3       100%        1
 Summon Small Mammal      Summ           0%         N/A       100%        1
 Blink                    Tloc           0%         N/A       100%        2
 Call Imp                 Summ           0%         N/A       100%        2
 Lesser Beckoning         Tloc           0%         N/A       100%        2
 Sublimation of Blood     Necr           0%         N/A       100%        2
 Call Canine Familiar     Summ           0%         N/A       100%        3
 Confusing Touch          Hex            0%         N/A       100%        3
 Frozen Ramparts          Ice            0%         1d1       100%        3
 Gell's Gravitas          Tloc           0%         N/A       100%        3
 Hailstorm                Conj/Ice       0%         3d5       100%        3
 Inner Flame              Hex/Fire       0%         N/A       100%        3
 Ozocubu's Armour         Ice            0%         N/A       100%        3
 Sigil of Binding         Hex            0%         N/A       100%        3
 Summon Ice Beast         Ice/Summ       0%         N/A       100%        3
 Teleport Other           Tloc           0%         N/A       100%        3
 Vampiric Draining        Necr           0%         2d6       100%        3
 Animate Dead             Necr           0%         N/A       100%        4
 Dimensional Bullseye     Hex/Tloc       0%         N/A       100%        4
 Dispel Undead            Necr           0%         3d6       100%        4
 Flame Wave               Conj/Fire      0%         2d4       100%        4
 Petrify                  Alch/Erth      0%         N/A       100%        4
 Sticky Flame             Fire/Alch      0%         2d4       100%        4
 Summon Blazeheart Golem  Fire/Summ      0%         N/A       100%        4
 Metabolic Englaciation   Hex/Ice        0%         N/A       100%        5
 Summon Forest            Summ/Tloc      0%         N/A       100%        5
 Summon Mana Viper        Hex/Summ       0%         N/A       100%        5
 Eringya's Noxious Bog    Alch           0%         4d6       100%        6
 Sculpt Simulacrum        Ice/Alch       0%         N/A       100%        6
 Summon Cactus Giant      Summ           0%         N/A       100%        6
 Haunt                    Necr/Summ      0%         N/A       100%        7
 Monstrous Menagerie      Summ           0%         N/A       100%        7
 Orb of Destruction       Conj           0%         9d5       100%        7
 Ozocubu's Refrigeration  Ice            0%         4d7       100%        7
 Spellforged Servitor     Conj/Summ      0%         N/A       100%        7
 Summon Hydra             Summ           0%         N/A       100%        7
 Infestation              Necr           0%         N/A       100%        8

Inventory:

Hand Weapons
 h - the +9 falchion of Spores {flame, +Blink rN+}
   (You bought it in a shop on level 2 of the Snake Pit)

   rN+:       It protects you from negative energy.
   +Blink:    It lets you blink.
 C - a +7 double sword of protection (offhand) {Shatu-murrim}
 P - a +4 scimitar of flaming (weapon) {Qing}
Armour
 a - a +2 crystal plate armour (worn)
 d - the scarf of Ushu (worn) {+Inv, Regen+ Int+2 Slay+3 Stlth+}
   (You found it on level 1 of the Lair of Beasts)

   Int+2:     It affects your intelligence (+2).
   Slay+3:    It affects your accuracy & damage with ranged weapons and melee
   (+3).
   Regen+:    It increases your rate of health regeneration.
   Stlth+:    It makes you more stealthy.
 x - the +2 pair of slick slippers (worn) {slick, slippery, EV+4}
   (You found it on level 9 of the Dungeon)

   Slick:     Its wearer cannot be constricted, engulfed, netted or webbed.
   Slippery:  Its wearer slips away from damaging melee attacks, pulling the
   attacker onward.
   EV+4:      It affects your evasion (+4).
 G - the +4 skin of Zhor {*Englaciate rC+++ SInv}
   (You found it in an ice cave)

   *Englaciate: It radiates cold, occasionally slowing all nearby creatures who
   are not resistant to cold.
   rC+++:     It renders you almost immune to cold.
   SInv:      It lets you see invisible.
 J - a +1 cloak of poison resistance
 K - a +1 pair of gloves (worn)
 L - a +1 helmet (worn)
Jewellery
 g - an amulet of regeneration (around neck)
 o - an amulet of reflection
 v - a ring of see invisible
 D - a +6 ring of dexterity
 E - a +5 ring of evasion
 F - a ring of protection from fire
 N - a ring of positive energy
 R - a ring of resist corrosion
 U - the ring "Witijel" (right grasper) {Fly rPois}
   (You found it in a bailey)

   [ring of flight]

   rPois:     It protects you from poison Fly: It grants you flight.
 Y - a +4 ring of slaying (left grasper)
Wands
 u - a wand of paralysis (30)
 y - a wand of flame (54)
 A - a wand of quicksilver (8)
 H - a wand of roots (23)
 Q - a wand of digging (6)
 T - a wand of mindburst (6)
 Z - a wand of polymorph (6)
Scrolls
 b - a scroll of vulnerability
 c - 4 scrolls of teleportation {@r2}
 f - 3 scrolls of revelation
 i - 2 scrolls of fog
 t - 5 scrolls of enchant weapon
 z - 3 scrolls of immolation
 I - a scroll of torment
 O - 4 scrolls of blinking
 S - 7 scrolls of identify {@r1}
 V - 2 scrolls of fear
 X - 4 scrolls of butterflies
Potions
 e - 9 potions of haste {@q3}
 j - 3 potions of ambrosia
 k - 3 potions of attraction
 l - 4 potions of enlightenment
 m - 4 potions of resistance
 n - 5 potions of magic
 p - 4 potions of lignification
 q - 6 potions of might
 r - 7 potions of curing {@q1}
 s - 13 potions of heal wounds {@q2}
 w - 4 potions of mutation
 B - a potion of invisibility
 M - a potion of berserk rage {!q}
 W - 3 potions of brilliance

Dungeon Overview and Level Annotations

Branches:
Dungeon (15/15)            Temple (1/1) D:4            Lair (5/5) D:9
  Swamp (0/4) Lair:2        Snake (4/4) Lair:3        Slime (0/5) Lair:4
    Orc (2/2) D:12            Elf (0/3) Orc:2        Vaults (0/5) D:13
 Depths (0/4) D:15         Bailey (visited)           IceCv (visited)

Altars:
Ashenzari
Cheibriados
Dithmenos
Elyvilon
Fedhas
Gozag
Hepliaklqana
Kikubaaqudgha
Makhleb
Nemelex Xobeh
Okawaru
Qazlal
Ru
Sif Muna
Trog
Uskayaw
Vehumet
Wu Jian
Xom
Yredelemnul
Zin
The Shining One
Beogh
Jiyva

Shops:
D:4 :   D:6 *   D:7 [   D:13 *   Orc:1 *   Orc:2 [=*!   Snake:2 !(   Snake:4 !

Annotations:
D:4 2 transporters, draino's ghost, novice CoHu
D:6 1 runed translucent door, Crazy Yiuf

..▒▒.N▒
▒▒≈≈~▒▒≈≈≈≈▒▒▒..▒▒..
..▒..▒ ≈≈≈~~▒▒▒▒▒≈≈≈~≈▒
▒▒..▒.. ..▒..
≈~...........≈≈▒▒ ▒..▒..
..▒.
~~.~≈~~.~~~~.~~~▒▒▒..▒..
..▒▒
...~≈≈~.~~≈≈........▒▒..
..#
≈.~~≈~~.~~≈~~.~÷...▒▒...
#.##▒▒▒
≈.≈~≈~...~≈≈~.~~~▒▒▒....
#.....▒
~.~≈≈~.φ.~≈≈~)~▒▒▒▒.....
####### ..~~~..@N.~)~..▒
###### ▒.....~≈~.....▒▒
▒▒▒▒.~≈~~~.▒▒▒▒
▒▒▒▒▒▒▒▒▒


You could see a nagaraja (fast, catching breath).


Message History

The nagaraja spits poison at you. The splash of poison hits you!
You are more poisoned.
Unknown command.
You feel extremely sick. The nagaraja spits poison at you.
The splash of poison hits you!
You are more poisoned.
* * * LOW HITPOINT WARNING * * *
Unknown command.
* * * LOW HITPOINT WARNING * * *
You feel extremely sick.
Unknown command.
Unknown command.
You spin and attack the nagaraja.
You closely miss the nagaraja with your +4 scimitar of flaming.
You slice the nagaraja with your +7 double sword of protection!!
* * * LOW HITPOINT WARNING * * *
You feel extremely sick.
The nagaraja gestures at you while chanting.
The bolt of poison hits you!!
You are lethally poisoned!
* * * LOW HITPOINT WARNING * * *
The nagaraja closely misses you.
You spin and attack the nagaraja.
You slice the nagaraja with your +7 double sword of protection!!
The nagaraja is heavily wounded.
You slice the nagaraja with your +4 scimitar of flaming!!
You burn the nagaraja.
You die...

Skill      XL: |  1  2  3  4  5  6  7  8  9 10 11 12 13 14 15 16 17 18 |
---------------+-------------------------------------------------------+-----
Armour         | 1 2 3 4 5 7 8 10 13 16 18 | 18.8
Fighting       | 3 4 5 6 8 9 11 12 14 16 18 | 18.4
Long Blades    | 4 5 7 8 9 11 12 14 16 18 | 18.4
Dodging        | 6 |  6.0
Throwing       | |  1.7

Action                     |  1- 3 |  4- 6 |  7- 9 | 10-12 | 13-15 | 16-18 || total
---------------------------+-------+-------+-------+-------+-------+-------++-------
  Melee: Long sword        |    72 |   174 |   283 |   430 |       |       ||   959
         Dagger            |       |    84 |   277 |   543 |  1171 |    77 ||  2152
         Falchion          |       |       |       |   123 |  1194 |    56 ||  1373
         Scimitar          |       |       |       |       |       |   721 ||   721
         Double sword      |       |       |       |       |       |   706 ||   706
Ability: Lunge             |       |     2 |    13 |    44 |    83 |    94 ||   236
         Whirlwind         |       |       |    10 |    15 |   279 |   285 ||   589
  Evoke: Wand              |       |       |       |     8 |       |       ||     8
    Use: Scroll            |       |       |       |    23 |     9 |     7 ||    39
         Potion            |       |       |       |     9 |       |       ||     9
   Stab: Sleeping          |     2 |     2 |       |     4 |     1 |       ||     9
         Distracted        |       |       |       |       |     2 |     1 ||     3
 Armour: Leather armour    |    63 |   118 |   212 |    41 |       |       ||   434
         Troll leather arm |       |       |       |    45 |       |       ||    45
         Animal skin       |       |       |       |   137 |    51 |       ||   188
         Plate armour      |       |       |       |       |   123 |       ||   123
         Crystal plate arm |       |       |       |       |   490 |   650 ||  1140
  Dodge: Dodged            |    64 |   145 |   201 |   425 |   547 |   314 ||  1696

Levels and vault maps discovered:
D:1:      kennysheep_arrival_forest, layout_basic,
          hangedman_decor_clover_reticule, chequers_hall_statues_corner_a
D:2:      layout_basic, minivault_4
D:3:      layout_rooms, minmay_surrounded
D:4:      layout_loops_ring, mainiacjoe_overflow_catch_the_wave,
          minmay_temple_entry_ruins, gammafunk_ghost_arena, serial_shops, shop,
          serial_bayou, serial_bayou_pond_e, serial_bayou_lake_a,
          serial_bayou_pond_d, serial_bayou_pond_c, saegor_snake_ambush
D:5:      minmay_skewed_foursquare, layout_gridville, minmay_misc_feat_encased
D:6:      layout_loops_ring, serial_demonic, serial_demonic_c, serial_demonic_a,
          serial_demonic_b, serial_demonic_c, serial_demonic_f,
          serial_demonic_e, serial_demonic_f, serial_demonic_a,
          grunt_decor_one_mirror, chequers_jeans,
          nicolae_shop_sticking_my_neck_out, uniq_crazy_yiuf_cottage,
          uniq_edmund, uniq_pikel
D:7:      layout_basic, serial_shops, nicolae_shop_pleasant_corner_grove,
          uniq_maggie, uniq_joseph
D:8:      layout_basic, mainiacjoe_overflow_large_starburst,
          mainiacjoe_overflow_swirl
D:9:      layout_basic, trog_ov_bears_minmay, lair_entry_dummy,
          lightli_bailey_entry_fortress
D:10:     layout_loops_ring
D:11:     layout_roguey, portal_ice_cave_entry_animals_and_master
D:12:     layout_roguey, orc_0_dummy, uniq_urug
D:13:     kennysheep_windowed_halls, layout_gridville,
          lightli_vaults_fourway_checkpoint, serial_shops, shop,
          gammafunk_ghost_icy
D:14:     layout_long_grid, nicolae_sextant, nicolae_burly_brawl
D:15:     hangedman_slaughterboxes
Temple:   regret_index_temple_generic_petals
Lair:1:   layout_long_grid, chequers_serial_rivers_micro_d,
          infiniplex_staircase_pool_2
Lair:2:   layout_long_grid, nicolae_swamp_entry_splash_gauntlet,
          infiniplex_staircase_pool
Lair:3:   layout_hall_layers, dummy_snake_entry, lemuel_fruit_fields
Lair:4:   layout_regular_city, slime_entry_1, kennysheep_basilisk_garden
Lair:5:   minmay_lair_end_enchanted_forest, layout_cave_pods, st_stairs_3,
          grunt_megastairs_4
Snake:1:  layout_onion_interference, hangedman_snake_thin_pillar_pass,
          grunt_ministairs_14
Snake:2:  layout_chambers, statue_in_the_mist_lemuel, minmay_shoptagon
Snake:3:  layout_basic, nicolae_snake_gridmaze_waves
Snake:4:  grunt_snake_rune_pools, layout_cave_town, serial_shops,
          nicolae_shop_tiny_glass, uniq_vashnia, uniq_aizul
Orc:1:    layout_caves, special_room [special_room_orc],
          nicolae_shop_overcharged_wands
Orc:2:    st_orc_town, layout_caves, serial_shops, bzr_entry_dummy

Notes
Turn   | Place    | Note
-------+----------+-------------------------------------------
     0 | D:1      | cforsyth the Coglin Gladiator began the quest for the Orb.
     0 | D:1      | Reached XP level 1. HP: 16/16 MP: 1/1
    86 | D:1      | Reached XP level 2. HP: 13/22 MP: 2/2
   489 | D:1      | Reached skill level 1 in Armour
   514 | D:1      | Reached XP level 3. HP: 28/28 MP: 3/3
  1188 | D:2      | Reached XP level 4. HP: 26/34 MP: 4/4
  1214 | D:2      | Reached skill level 3 in Fighting
  1565 | D:2      | Reached skill level 2 in Armour
  1611 | D:2      | Reached skill level 4 in Long Blades
  1611 | D:2      | Reached XP level 5. HP: 18/41 MP: 5/5
  2264 | D:3      | Reached XP level 6. HP: 48/48 MP: 6/6
  2458 | D:4      | Reached skill level 4 in Fighting
  2518 | D:4      | Reached skill level 3 in Armour
  2574 | D:4      | Found a sparkling altar of Nemelex Xobeh.
  2727 | D:4      | Found a staircase to the Ecumenical Temple.
  2744 | Temple   | Entered the Ecumenical Temple
  2786 | Temple   | Became a worshipper of the Wu Jian Council
  2853 | D:4      | Found a transporter.
  2853 | D:4      | Noticed draino's ghost (novice CoHu)
  2859 | D:4      | Found a transporter.
  2885 | D:4      | Found Echisy's Book Boutique.
  3019 | D:4      | Reached XP level 7. HP: 55/55 MP: 7/7
  3086 | D:4      | Reached skill level 5 in Long Blades
  3237 | D:4      | Found a hide-covered altar of Uskayaw.
  3408 | D:5      | Entered Level 5 of the Dungeon
  3690 | D:5      | Reached skill level 5 in Fighting
  3690 | D:5      | Reached skill level 4 in Armour
  3919 | D:5      | Reached XP level 8. HP: 54/63 MP: 8/8
  3952 | D:5      | Reached skill level 6 in Long Blades
  4453 | D:5      | Reached * piety under Wu Jian
  4487 | D:6      | Reached skill level 6 in Fighting
  4503 | D:6      | Found Pudolarph's Neck Hole.
  4512 | D:6      | Reached skill level 5 in Armour
  4531 | D:6      | Bought a +0 cloak of poison resistance for 119 gold pieces
  5037 | D:6      | Reached skill level 7 in Long Blades
  5045 | D:6      | Reached XP level 9. HP: 37/71 MP: 9/9
  5089 | D:6      | Reached skill level 7 in Fighting
  5104 | D:6      | Noticed Pikel
  5143 | D:5      | Killed Pikel
  5143 | D:5      | Reached ** piety under Wu Jian
  5144 | D:5      | Reached skill level 6 in Armour
  5253 | D:6      | Found a runed translucent door.
  5254 | D:6      | Noticed Crazy Yiuf
  5466 | D:6      | Noticed Edmund
  5470 | D:6      | Killed Edmund
  5632 | D:7      | Noticed Maggie
  5682 | D:7      | Killed Maggie
  5683 | D:7      | Reached skill level 8 in Fighting
  5683 | D:7      | Reached skill level 8 in Long Blades
  5790 | D:7      | Reached skill level 7 in Armour
  5865 | D:7      | Noticed Joseph
  5930 | D:7      | Reached XP level 10. HP: 81/81 MP: 10/10
  5949 | D:7      | Killed Joseph
  6112 | D:7      | Found Wankoogu's Armour Shoppe.
  6426 | D:8      | Reached *** piety under Wu Jian
  6563 | D:8      | Found a snail-covered altar of Cheibriados.
  6634 | D:8      | Reached skill level 9 in Long Blades
  6663 | D:8      | You fall into a shaft and drop 3 floors!
  6709 | D:11     | Identified 3 potions of resistance
  6729 | D:11     | Reached skill level 9 in Fighting
  6757 | D:11     | Reached skill level 8 in Armour
  6943 | D:11     | Noticed a cyclops
  6950 | D:11     | Killed a cyclops
  6967 | D:11     | Noticed a gargoyle
  6975 | D:11     | Killed a gargoyle
  7116 | D:11     | Found a frozen archway.
  7125 | D:11     | Reached XP level 11. HP: 90/90 MP: 11/11
  7128 | D:11     | Reached skill level 10 in Long Blades
  7136 | D:11     | Reached skill level 10 in Fighting
  7151 | D:11     | Reached skill level 9 in Armour
  7162 | IceCv    | Entered an ice cave
  7162 | IceCv    | Noticed a white ugly thing
  7176 | IceCv    | HP: 8/91 [white ugly thing (32)]
  7184 | IceCv    | Killed a white ugly thing
  7184 | IceCv    | Reached **** piety under Wu Jian
  7237 | IceCv    | Found the +4 skin of Zhor {*Englaciate rC+++ SInv}
  7251 | IceCv    | Found a transporter.
  7255 | IceCv    | Noticed a white ugly thing
  7274 | IceCv    | Found a transporter.
  7429 | IceCv    | Killed a white ugly thing
  8057 | D:10     | Entered Level 10 of the Dungeon
  8144 | D:9      | Found the +2 pair of slick slippers {slick, slippery, EV+4}
  8144 | D:9      | Found a staircase to the Lair.
  8209 | D:9      | Found a flagged portal.
  8235 | Bailey   | Entered a bailey
  8363 | Bailey   | Identified the ring "Witijel" {Fly rPois}
  8389 | Bailey   | Reached skill level 11 in Long Blades
  8442 | Bailey   | Reached skill level 11 in Fighting
  8832 | D:8      | Found a hazy altar of Hepliaklqana.
  8937 | D:8      | Found a burning altar of Makhleb.
  8949 | D:8      | Noticed a two-headed ogre
  8959 | D:8      | Killed a two-headed ogre
  9150 | D:8      | Found a radiant altar of Vehumet.
  9227 | D:9      | Reached ***** piety under Wu Jian
  9228 | D:9      | Reached skill level 10 in Armour
  9235 | D:9      | Reached XP level 12. HP: 91/100 MP: 12/12
  9281 | D:9      | Reached skill level 3 in Dodging
  9428 | D:9      | Found a bloodstained altar of Trog.
  9428 | D:9      | Noticed a boulder beetle
  9461 | D:9      | Killed a boulder beetle
 11049 | D:12     | Noticed Urug
 11063 | D:12     | Killed Urug
 11064 | D:12     | Reached skill level 4 in Dodging
 11179 | D:12     | Noticed a boulder beetle
 11203 | D:12     | Found a staircase to the Orcish Mines.
 11308 | D:12     | Reached skill level 12 in Fighting
 11308 | D:12     | Reached skill level 12 in Long Blades
 11520 | D:12     | Killed a boulder beetle
 11634 | D:13     | Reached skill level 5 in Dodging
 11669 | D:13     | Noticed a boulder beetle
 11699 | D:13     | Noticed a seven-headed hydra
 11700 | D:13     | Killed a boulder beetle
 11715 | D:13     | Killed a nine-headed hydra
 11903 | D:13     | Found a runed translucent gate.
 11903 | D:13     | Found a runed translucent gate.
 11904 | D:13     | Found a runed translucent gate.
 11959 | D:13     | Found Hocigox's General Store.
 11999 | D:13     | Bought a potion of heal wounds for 50 gold pieces
 11999 | D:13     | Bought a scroll of teleportation for 30 gold pieces
 12093 | D:13     | Noticed a two-headed ogre
 12100 | D:13     | Killed a two-headed ogre
 12160 | D:13     | HP: 4/103 [burnt (13)]
 12227 | D:13     | Noticed a centaur warrior
 12236 | D:13     | Killed a centaur warrior
 12237 | D:13     | Reached skill level 6 in Dodging
 12237 | D:13     | Reached XP level 13. HP: 102/109 MP: 13/13
 12289 | D:13     | Reached skill level 13 in Fighting
 12289 | D:13     | Reached skill level 13 in Long Blades
 12415 | D:13     | Noticed an ice dragon
 12643 | D:13     | Noticed eruonna's ghost (journeyman GnCK)
 12676 | D:13     | Found a gate to the Vaults.
 12676 | D:13     | Noticed a vault guard
 12676 | D:13     | Noticed a vault guard
 12676 | D:13     | Noticed a vault guard
 12676 | D:13     | Noticed a vault guard
 12676 | D:13     | Noticed an entropy weaver
 12775 | Lair:1   | Entered Level 1 of the Lair of Beasts
 12781 | Lair:1   | Identified the scarf of Ushu {+Inv, Regen+ Int+2 Slay+3
                  | Stlth+}
 13642 | Lair:2   | Identified the ring "Pedec" {Fire Will- Str+9 Int+2 Dex-2}
 13678 | Lair:2   | Reached ****** piety under Wu Jian
 13832 | Orc:1    | Entered Level 1 of the Orcish Mines
 13868 | Orc:1    | Reached skill level 14 in Long Blades
 13878 | Orc:1    | Reached skill level 14 in Fighting
 15098 | Orc:1    | Found Efaijok's Overcharged Wands.
 15201 | Orc:2    | Entered Level 2 of the Orcish Mines
 15251 | Orc:2    | Found a flickering gateway to a bazaar.
 15260 | Bazaar   | Entered a bazaar
 15260 | Bazaar   | Found Ciggifae's Antique Armour Shop.
 15260 | Bazaar   | Found Cun Hym's Antique Armour Shop.
 15260 | Bazaar   | Found Zaohyney's Armour Boutique.
 15273 | Bazaar   | Bought a masterwork chain mail for 123 gold pieces
 15273 | Bazaar   | Identified the +3 chain mail of Apathy {Harm *Slow rCorr
                  | Dex+3} (You bought it in a shop in a bazaar)
 15273 | Bazaar   | Bought a distressingly furry leather armour for 91 gold
                  | pieces
 15273 | Bazaar   | Identified the +1 leather armour of the Accordion {rPois
                  | Regen+ Dex-4} (You bought it in a shop in a bazaar)
 15287 | Bazaar   | Bought a crystal plate armour for 1040 gold pieces
 15287 | Bazaar   | Identified a +0 crystal plate armour (You bought it in a
                  | shop in a bazaar)
 15410 | Orc:2    | Reached XP level 14. HP: 115/121 MP: 14/14
 15669 | Orc:2    | Reached skill level 15 in Long Blades
 15790 | Orc:2    | Reached skill level 15 in Fighting
 15945 | Orc:2    | Found Xaats's General Store.
 16257 | Orc:2    | Found a staircase to the Elven Halls.
 16321 | Orc:2    | Found Vesefona's Jewellery Emporium.
 16332 | Orc:2    | Found Ver Evo's Armour Shoppe.
 16399 | Orc:2    | Found Mebeolyghu's Distillery.
 16407 | Orc:2    | Bought a potion of heal wounds for 80 gold pieces
 16407 | Orc:2    | Bought a potion of haste for 160 gold pieces
 16439 | Orc:2    | Found a roughly hewn altar of Beogh.
 17279 | D:12     | Killed eruonna's ghost
 17280 | D:12     | Reached skill level 16 in Long Blades
 17512 | D:13     | Reached skill level 16 in Fighting
 18554 | D:15     | Entered Level 15 of the Dungeon
 18624 | D:15     | Reached XP level 15. HP: 104/132 MP: 15/15
 18727 | D:15     | Found an opulent altar of Gozag.
 18727 | D:15     | Found an ornate altar of the Wu Jian Council.
 18728 | D:15     | Found a bloodstained altar of Trog.
 18769 | D:15     | Paralysed by a hornet for 2 turns
 18821 | D:15     | Paralysed by a hornet for 1 turns
 18890 | D:15     | Reached skill level 17 in Long Blades
 18977 | D:15     | Reached skill level 17 in Fighting
 19139 | D:15     | Found a staircase to the Depths.
 19395 | D:15     | Identified the +7 hand axe of Fimbulwinter {drain, Will-
                  | MP+9 Int+3}
 19798 | D:15     | Reached skill level 18 in Long Blades
 19865 | D:15     | Reached skill level 18 in Fighting
 19876 | D:15     | Reached XP level 16. HP: 141/143 MP: 16/16
 19934 | D:15     | Identified the +1 rapier of Triumph {freeze, Str+6}
 20358 | D:15     | Identified a scroll of acquirement
 20363 | D:15     | Acquired a +7 double sword of protection
 21053 | Lair:2   | Found a staircase to the Swamp.
 21232 | Lair:3   | Found a staircase to the Snake Pit.
 21454 | Lair:3   | Reached skill level 11 in Armour
 22423 | Lair:4   | Found a staircase to the Slime Pits.
 22424 | Lair:4   | Found a viscous altar of Jiyva.
 22599 | Lair:4   | Reached skill level 12 in Armour
 22825 | Lair:5   | Entered Level 5 of the Lair of Beasts
 23398 | Lair:5   | Reached skill level 13 in Armour
 23649 | Lair:5   | Reached XP level 17. HP: 151/151 MP: 17/17
 24250 | Snake:1  | Entered Level 1 of the Snake Pit
 24356 | Snake:1  | Reached skill level 14 in Armour
 24619 | Snake:1  | Got Sif Muna's Codex of Septic Congelation
 24647 | Snake:1  | Reached skill level 15 in Armour
 25425 | Snake:2  | Found Xamaoh's Antique Weapon Shoppe.
 25425 | Snake:2  | Found Ysat's Distillery.
 25433 | Snake:2  | Bought a crude falchion for 304 gold pieces
 25433 | Snake:2  | Identified the +9 falchion of Spores {flame, +Blink rN+}
                  | (You bought it in a shop on level 2 of the Snake Pit)
 25447 | Snake:2  | Bought a potion of haste for 190 gold pieces
 25447 | Snake:2  | Bought a potion of heal wounds for 95 gold pieces
 25447 | Snake:2  | Bought a potion of haste for 190 gold pieces
 26320 | Snake:2  | Reached skill level 16 in Armour
 26912 | Snake:3  | Reached XP level 18. HP: 108/158 MP: 16/18
 27133 | Snake:4  | Entered Level 4 of the Snake Pit
 27152 | Snake:4  | Identified the serpent talisman of Disaster {rElec Int+2}
 27152 | Snake:4  | Noticed Aizul
 27166 | Snake:4  | Killed Aizul
 27167 | Snake:4  | Reached skill level 17 in Armour
 27344 | Snake:4  | Noticed Vashnia
 27373 | Snake:4  | Killed Vashnia
 27551 | Snake:4  | Found Amnuenir's Distillery.
 27579 | Snake:4  | Bought a potion of haste for 130 gold pieces
 27579 | Snake:4  | Bought a potion of heal wounds for 65 gold pieces
 27579 | Snake:4  | Bought a potion of heal wounds for 65 gold pieces
 27719 | Snake:4  | Reached skill level 18 in Armour
 28413 | Snake:4  | HP: 11/158 [nagaraja/bolt of poison (29)]
 28414 | Snake:4  | Succumbed to a nagaraja's bolt of poison

Vanquished Creatures
  Vashnia (Snake:4)
  Aizul (Snake:4)
  9 nagarajas (Snake:4)
  A broodmother (shapeshifter) (D:15)
  The ghost of eruonna the Carver, a journeyman GnCK of Okawaru (D:12)
  A war gargoyle (D:15)
  A yaktaur captain (D:15)
  3 vault guards (D:13)
  A rakshasa (D:14)
  An ice dragon (D:13)
  18 anacondas
  9 hydras
  8 boulder beetles
  An ogre mage (D:15)
  A salamander tyrant (Snake:3)
  2 catoblepae (D:15)
  19 centaur warriors
  A death knight (D:15)
  7 two-headed ogres
  17 naga warriors
  3 tengu warriors (D:15)
  4 orc high priests
  8 death yaks (Lair:5)
  An occultist (D:15)
  10 naga sharpshooters
  3 deep troll earth magi (D:15)
  Urug (D:12)
  A hell knight (D:15)
  5 shock serpents
  2 skysharks (Lair:5)
  2 fire crabs (D:15)
  A salamander mystic (Snake:3)
  4 sea snakes (Snake:4)
  2 skeletal warriors (D:15)
  9 naga ritualists
  3 arcanists
  10 mana vipers
  A deep elf archer (D:15)
  A bog body (Lair:2)
  Pikel (D:5)
  15 orc knights
  2 orc sorcerers
  3 deep elf pyromancers
  8 ugly things
  7 manticores
  14 cyclopes
  7 salamanders
  Joseph (D:7)
  3 meliai
  29 black mambas
  15 elephants
  A black mamba (shapeshifter) (D:15)
  2 ice statues (IceCv)
  Maggie (D:7)
  18 naga magi
  4 guardian serpents
  A cane toad (shapeshifter) (D:15)
  2 rime drakes
  6 cane toads
  2 gargoyles
  7 komodo dragons
  An anaconda simulacrum (IceCv)
  8 yaktaurs (D:15)
  A tengu conjurer (D:15)
  A komodo dragon (shapeshifter) (D:13)
  4 freezing wraiths (D:15)
  5 ice devils (D:13)
  3 efreet (D:15)
  A polar bear (shapeshifter) (D:13)
  7 trolls
  9 polar bears
  4 blink frogs (Lair:2)
  7 hornets
  5 dream sheep (Lair:5)
  A wolf spider simulacrum (D:13)
  9 slime creatures
  13 spriggans (Lair:5)
  A spriggan (shapeshifter) (D:15)
  A shadow (D:9)
  56 yaks
  4 wyverns
  3 centaur simulacra (D:13)
  A yak (shapeshifter) (D:15)
  8 basilisks
  3 wraiths
  A human (shapeshifter) (D:15)
  A hog (shapeshifter) (D:14)
  3 steam dragons
  3 vampire mosquitoes
  10 wargs
  3 death yak simulacra (IceCv)
  Edmund (D:6)
  34 nagas
  A swamp worm (Lair:2)
  21 water moccasins
  An acid dragon (D:13)
  2 meliai simulacra
  3 ice beasts
  A sky beast (D:8)
  46 orc warriors
  5 black bears
  4 laughing skulls (D:15)
  10 ogres
  5 boggarts
  13 centaurs
  34 wolves
  5 kobold brigands
  A lemure (D:5)
  7 bullfrogs
  A gnoll sergeant (D:10)
  4 scorpions
  3 wights (D:9)
  A hornet simulacrum (D:13)
  An elephant simulacrum (IceCv)
  14 killer bees
  A howler monkey (D:7)
  2 electric eels (Lair:2)
  3 bombardier beetles
  A lava snake (Snake:3)
  3 quasits
  3 hounds
  2 gnoll boudas
  25 orc priests
  2 jellies
  3 sleepcaps
  3 iguanas
  16 orc wizards
  5 hell rats (Lair:2)
  A polar bear simulacrum (IceCv)
  13 gnolls
  12 adders
  10 shadow imps
  3 white imps (D:6)
  6 ufetubi (D:6)
  4 dart slugs
  A ribbon worm (D:2)
  91 orcs
  14 ball pythons
  7 bats
  7 endoplasms
  4 giant cockroaches
  21 goblins
  2 hobgoblins
  8 jackals
  2 quokkas
  4 frilled lizards
  45 kobolds
  3 rats
1045 creatures vanquished.

Vanquished Creatures (others)
  An orc warrior (Orc:1)
  4 gnolls (D:6)
  A white imp (D:6)
  An orc (Orc:1)
  4 kobolds (D:7)
11 creatures vanquished.

Grand Total: 1056 creatures vanquished

Table legend: (Time is in decaauts)
 A = Elapsed time spent in this place.
 B = Non-inter-level travel time spent in this place.
 C = Inter-level travel time spent in this place.
 D = Time resting spent in this place.
 E = Time spent auto-exploring this place.
 F = Levels seen in this place.
 G = Mean time per level.
                   A        B        C        D        E       F      G
               +--------+--------+--------+--------+--------+-----+--------+
         Total |  28037 |  26488 |   1549 |   3662 |  16372 |  30 |  934.6 |
       Dungeon |  16203 |  15154 |   1049 |   2023 |   9360 |  15 | 1080.2 |
        Temple |     82 |      1 |     81 |      0 |      0 |   1 |   82.0 |
          Lair |   4485 |   4267 |    218 |    213 |   3173 |   5 |  897.0 |
     Snake Pit |   4178 |   4027 |    151 |    351 |   2840 |   4 | 1044.5 |
  Orcish Mines |   1707 |   1658 |     49 |    200 |    952 |   2 |  853.5 |
        Bazaar |    142 |    142 |      0 |    100 |      8 |   1 |  142.0 |
        Bailey |    409 |    409 |      0 |    116 |     37 |   1 |  409.0 |
      Ice Cave |    827 |    827 |      0 |    659 |      1 |   1 |  827.0 |
               +--------+--------+--------+--------+--------+-----+--------+

Top non-repeatable levels by time:
    D:13: 1805 daAuts
    D:12: 1802 daAuts
    D:15: 1623 daAuts
 Snake:2: 1295 daAuts
 Snake:4: 1236 daAuts
    D:14: 1190 daAuts
     D:1: 1184 daAuts
  Lair:5: 1149 daAuts
     D:5: 1068 daAuts
   Orc:2: 1054 daAuts
     D:7: 1003 daAuts
  Lair:4: 1002 daAuts
     D:4: 961 daAuts
     D:6: 940 daAuts
    D:11: 934 daAuts

Table legend:
 A = Non-vault XP
 B = Vault XP
 C = Vault XP percentage of total XP
 D = Non-vault monster count
 E = Vault monster count
 F = Vault count percentage of total count
                 A         B        C        D         E       F
            +---------+---------+-------+---------+---------+-------
      Total |  145850 |  148006 |  50.4 |     638 |     417 |  39.5
            +---------+---------+-------+---------+---------+-------
        D:1 |      67 |       0 |   0.0 |      25 |       0 |   0.0
        D:2 |     128 |       0 |   0.0 |      28 |       0 |   0.0
        D:3 |     129 |      13 |   9.2 |      27 |       5 |  15.6
        D:4 |     394 |       3 |   0.8 |      14 |       1 |   6.7
        D:5 |     451 |     970 |  68.3 |      14 |       5 |  26.3
        D:6 |    1192 |     401 |  25.2 |      29 |      16 |  35.6
        D:7 |     918 |     957 |  51.0 |      35 |       3 |   7.9
        D:8 |    1770 |       0 |   0.0 |      21 |       0 |   0.0
        D:9 |    3948 |     348 |   8.1 |      29 |      14 |  32.6
       D:10 |    1383 |       0 |   0.0 |      13 |       0 |   0.0
       D:11 |    3039 |    1957 |  39.2 |      21 |       8 |  27.6
       D:12 |    5774 |    3134 |  35.2 |      25 |      10 |  28.6
       D:13 |    4483 |   19201 |  81.1 |       8 |      41 |  83.7
       D:14 |    6169 |     874 |  12.4 |      20 |       1 |   4.8
       D:15 |       0 |   54683 | 100.0 |       0 |     102 | 100.0
     Lair:1 |    3391 |       0 |   0.0 |      17 |       0 |   0.0
     Lair:2 |    6170 |     951 |  13.4 |      31 |       4 |  11.4
     Lair:3 |    9208 |       0 |   0.0 |      26 |       0 |   0.0
     Lair:4 |    7231 |    1087 |  13.1 |      22 |       6 |  21.4
     Lair:5 |   15364 |   10385 |  40.3 |      40 |      48 |  54.5
    Snake:1 |   26673 |    1445 |   5.1 |      45 |       5 |  10.0
    Snake:2 |    9285 |       0 |   0.0 |      19 |       0 |   0.0
    Snake:3 |   19762 |       0 |   0.0 |      44 |       0 |   0.0
    Snake:4 |   11957 |   37172 |  75.7 |      21 |      43 |  67.2
      Orc:1 |    3228 |    1816 |  36.0 |      32 |      12 |  27.3
      Orc:2 |    3736 |    8688 |  69.9 |      32 |      59 |  64.8
     Bailey |       0 |     980 | 100.0 |       0 |      24 | 100.0
      IceCv |       0 |    2941 | 100.0 |       0 |      10 | 100.0
            +---------+---------+-------+---------+---------+-------
